 Dungeon Crawl Stone Soup version 0.28-a0-511-gcc94558de3 (webtiles) character file.

Game seed: 13675874091874916625

0 meatgazer the Skirmisher (level 1, -4/18 HPs)
             Began as a Demonspawn Abyssal Knight on Sept 21, 2021.
             Was a Follower of Lugonu.
             Killed from afar by a hellion (19 damage)
             ... with damnation
             ... on level 2 of the Abyss.
             The game lasted 00:00:20 (117 turns).

meatgazer the Skirmisher (Demonspawn Abyssal Knight) Turns: 117, Time: 00:00:21

Health: -4/18      AC:  3    Str: 13    XL:     1   Next: 0%
Magic:  2/2        EV: 11    Int: 11    God:    Lugonu [*.....]
Gold:   0          SH:  0    Dex: 13    Spells: 0/0 levels left

rFire   . . .      SeeInvis .   a - +1 falchion
rCold   . . .      Faith    .   (no shield)
rNeg    . . .      Spirit   .   b - +0 leather armour
rPois   .          Reflect  .   (no helmet)
rElec   .          Harm     .   (no cloak)
rCorr   .          Rampage  .   (no gloves)
Will    .....                   (no boots)
Stlth   +.........              (no amulet)
HPRegen 0.06/turn               (no ring)
MPRegen 0.08/turn               (no ring)

@: no status effects
A: no striking features
a: Renounce Religion, Depart the Abyss


You were on level 2 of the Abyss.
You worshipped Lugonu.
Lugonu was aware of your devotion.
You visited 0 branches of the dungeon, and saw 0 of its levels.
You visited the Abyss 1 time.

Inventory:

Hand Weapons
 a - a +1 falchion (weapon)
Armour
 b - a +0 leather armour (worn)
Scrolls
 c - a scroll of amnesia {unknown}
Miscellaneous
 d - a lightning rod (4/4)


   Skills:
 + Level 3.0 Fighting
 + Level 1.7 Long Blades
 + Level 1.7 Armour
 + Level 0.8 Dodging
 + Level 2.4 Invocations


You couldn't memorise any spells.
You didn't know any spells.
Your spell library was empty.

Dungeon Overview and Level Annotations

Branches:
Dungeon (0/15)

Altars:


Message History

Welcome, meatgazer the Demonspawn Abyssal Knight.
The bosom of this dungeon contains the fabulous artefact, the Orb of Zot.
Lugonu says: Depart the Abyss and spread corruption, my servant! (use the ability menu to exit the Abyss) Press ? for a list of commands and other information.
Found a corrupted altar of Lugonu.
You are suddenly pulled into a different region of the Abyss!
Found a corrupted altar of Lugonu.
Found a gateway leading deeper into the Abyss.
There is a gateway leading deeper into the Abyss here.
You plunge deeper into the Abyss.
Found a scroll labelled QOUCOI ATTAMPA.
Found a gateway leading out of the Abyss.
c - a scroll labelled QOUCOI ATTAMPA
Found a corrupted altar of Lugonu.
A will-o-the-wisp comes into view.
The will-o-the-wisp gives a chilling moan.
Found a lightning rod (4/4).
You see here a lightning rod (4/4).
d - a lightning rod (4/4)
A hellion comes into view.
Found a scale mail.
The hellion gives a hideous shriek!
Found a robe.
The will-o-the-wisp gestures.
The will-o-the-wisp conjures some foxfire!
Tentacles burst from the starspawn's body! 2 starspawn tentacles and 2 foxfires come into view.
Found 24 stones.
The starspawn tentacle grabs you. The starspawn tentacle constricts you.
You escape the starspawn tentacle's grasp.
The hellion gestures at you.
The sphere of damnation explodes!
The damnation engulfs you!!
Ouch! That really hurt!
You die...

...... ... ..... ...(
#####...###...#
#..#.....#.....
#..[...........
...............
#............. #...@.#
. .. ####..§###...#
##.#..w§.#..... #
#.....w\§....[. #
###....│§│...... #
#.......─X...... .#
###..#..§..#..... #
#..####vv2###...#
.######....#§..§§#.....


You could see a tentacled starspawn, a will-o-the-wisp, a hellion and 2
starspawn tentacles.

Vanquished Creatures (others)
  A foxfire (Abyss:2)
1 creature vanquished.

Notes
Turn   | Place    | Note
-------+----------+-------------------------------------------
     0 | Abyss:1  | meatgazer the Demonspawn Abyssal Knight began the quest for
                  | the Orb.
     0 | Abyss:1  | Reached XP level 1. HP: 18/18 MP: 2/2
    34 | Abyss:1  | Found a corrupted altar of Lugonu.
    51 | Abyss:2  | Found a corrupted altar of Lugonu.
    92 | Abyss:2  | Noticed a will-o-the-wisp
   111 | Abyss:2  | Noticed a tentacled starspawn
   111 | Abyss:2  | Noticed a hellion
   117 | Abyss:2  | Killed from afar by a hellion

Illustrated notes

Levels and vault maps discovered:
Abyss:2:  base: Temple, small_statue_intersection

Table legend: (Time is in decaauts)
 A = Elapsed time spent in this place.
 B = Non-inter-level travel time spent in this place.
 C = Inter-level travel time spent in this place.
 D = Time resting spent in this place.
 E = Time spent auto-exploring this place.
 F = Levels seen in this place.
 G = Mean time per level.
                   A        B        C        D        E       F      G
               +--------+--------+--------+--------+--------+-----+--------+
         Total |    116 |    116 |      0 |      0 |     79 |   2 |   58.0 |
         Abyss |    116 |    116 |      0 |      0 |     79 |   2 |   58.0 |
               +--------+--------+--------+--------+--------+-----+--------+

Top non-repeatable levels by time:
 Abyss:2: 72 daAuts
 Abyss:1: 44 daAuts
